Map: Pillars of Gold LE

Players

KengDiego - Winner!

  • Race: Terran Terran
  • League: Platinum
  • Spawn Location: 7:00

Milk

  • Race: Terran Terran
  • League: Gold
  • Spawn Location: 1:00

VOD

Have the link to the VOD?

Description

Time

  • Played on: Sept. 12, 2020, 10:08 a.m.
  • Length: 5:47
Show
View Real Time Build Order
Export as new Build Order

KengDiego Terran - Winner!

Build Orders: 1/1/1 

Get SALT Encoding   

  12  0:00  SCV  
  13  0:13  SCV  
  14  0:18  Supply Depot  
  14  0:25  SCV  
  15  0:36  Refinery  
  15  0:42  Barracks  
  15  0:45  SCV  
  16  0:57  SCV  
  17  1:09  SCV  
  18  1:19  Barracks  
  18  1:21  SCV  
  19  1:27  Refinery  
  19  1:39  Factory  
  19  1:40  Marine  
  19  1:42  SCV  
  21  1:54  Orbital Command  
  21  2:04  Supply Depot  
  21  2:06  Marine  
  22  2:24  Factory Tech Lab  
  22  2:27  Starport  
  22  2:31  SCV  
  24  2:44  SCV  
  24  2:50  Supply Depot  
  25  2:54  Siege Tank  
  25  2:57  Barracks Reactor  
  27  3:02  Marine  
  28  3:05  SCV  
  29  3:26  Siege Tank  
  31  3:41  Medivac x2  
  31  3:46  SCV  
  31  3:47  Marine  
  37  3:52  Supply Depot  
  37  3:58  SCV  
  38  4:07  Barracks Tech Lab  
  38  4:14  Fusion Core  
  38  4:19  Marine  
  38  4:22  Widow Mine  
  41  4:30  Engineering Bay  
  41  4:32  Supply Depot  
  41  4:34  SCV  
  42  4:43  Widow Mine  
  44  4:46  Barracks Reactor, SCV  
  45  4:59  SCV, Command Center  
  46  5:46  Missile Turret  
Show
View Real Time Build Order
Export as new Build Order

Milk Terran 

Build Orders: Gas First Reaper Expand 

Get SALT Encoding   

  12  0:01  SCV  
  13  0:13  SCV  
  14  0:19  Supply Depot  
  14  0:25  SCV  
  15  0:31  Refinery  
  15  0:40  SCV  
  16  0:47  Barracks  
  16  0:53  SCV  
  17  1:07  SCV  
  18  1:21  SCV  
  19  1:35  Reaper  
  19  1:36  Orbital Command  
  20  1:51  Command Center  
  20  2:01  SCV  
  21  2:09  Factory  
  21  2:10  Barracks Reactor  
  21  2:15  Refinery  
  21  2:23  Supply Depot  
  21  2:24  SCV  
  22  2:37  SCV  
  23  2:48  Marine x2  
  25  2:57  Widow Mine, Starport  
  27  3:03  Barracks  
  27  3:06  Orbital Command  
  27  3:11  Marine  
  28  3:26  Widow Mine  
  30  3:33  SCV x2  
  32  3:42  Starport Tech Lab  
  32  3:45  Marine x2, SCV  
  35  3:54  Factory Tech Lab  
  35  3:55  Engineering Bay  
  35  3:57  SCV x2  
  37  4:04  Marine  
  37  4:05  Marine, Barracks  
  37  4:09  SCV  
  41  4:10  SCV  
  41  4:26  Factory Tech Lab  
  41  4:33  Engineering Bay  
  41  4:35  Starport Reactor  
  41  4:40  Supply Depot  
  41  4:43  Marine x2  
  41  4:44  Marauder  
  45  4:55  Supply Depot  
  45  4:59  Siege Tank  
  48  5:06  Marine x2  
Tags
 
Add a new tag
Caveats
  • Supply blocks, unpowered buildings, or Contaminate may cause inaccurate times.
  • Supply counts are checked every 10 seconds.